 Dungeon Crawl Stone Soup version 0.20.1-1-g8b1a95d (webtiles) character file.

1457 Folque the Destroyer (level 8, -4/50 HPs)
             Began as an Octopode Wizard on Dec 4, 2017.
             Was a Follower of Vehumet.
             Shot with a sling bullet by Joseph (21 damage)
             ... on level 7 of the Dungeon.
             The game lasted 00:27:22 (7900 turns).

Folque the Destroyer (Octopode Wizard)              Turns: 7900, Time: 00:27:24

Health: -4/50      AC:  2    Str:  5    XL:     8   Next: 76%
Magic:  33/35      EV: 13    Int: 22    God:    Vehumet [*.....]
Gold:   290        SH:  0    Dex: 10    Spells: 11/19 levels left

rFire    . . .     SeeInvis .   s - +4 quarterstaff (crush)
rCold    . . .     Gourm    .   (shield currently unavailable)
rNeg     . . .     Faith    .   a - +0 hat
rPois    +         Spirit   .   (no amulet)
rElec    .         Reflect  .   i - ring of magical power
rCorr    .         Harm     .   q - ring of magical power
MR       .....                  (no ring)
Stlth    +++.......             (no ring)
Regen    0.2/turn               (no ring)
MPRegen  0.3/turn               (no ring)
                                (no ring)
                                (no ring)

@: drained
A: almost no armour, stealthy swim, amphibious, 8 rings, constrict 8, camouflage
1, poison resistance, shaggy fur 1, weak 1, gelatinous body 1
a: Renounce Religion


You were on level 7 of the Dungeon.
You worshipped Vehumet.
Vehumet was aware of your devotion.
You were not hungry.

You visited 2 branches of the dungeon, and saw 8 of its levels.
You also visited: Sewer.

You collected 290 gold pieces.

Inventory:

Hand Weapons
 h - a +0 spear
 s - a +4 quarterstaff of crushing (weapon)
Missiles
 A - a throwing net (quivered)
Armour
 a - a +0 hat (worn)
 r - a +0 buckler
Jewellery
 i - a ring of magical power (left tentacle)
 q - a ring of magical power (right tentacle)
Wands
 u - a wand of paralysis (19/24)
 D - a wand of lightning (5/15)
 G - a wand of iceblast (11/15)
 H - a wand of paralysis (11/24)
Scrolls
 d - a scroll of recharging {unknown}
 e - 3 scrolls of remove curse
 f - a scroll of noise {unknown}
 g - 3 scrolls of teleportation
 k - 3 scrolls of identify {unknown}
 m - a scroll of enchant armour {unknown}
 y - a scroll of fog {unknown}
 z - a scroll of magic mapping {unknown}
 F - a scroll of blinking {unknown}
Potions
 j - a potion of resistance {unknown}
 l - a potion of haste
 n - a potion of lignification {unknown}
 o - 7 potions of agility
 p - 3 potions of curing
 t - a potion of brilliance {unknown}
 v - 4 potions of might {unknown}
 w - a potion of heal wounds {unknown}
 C - a potion of invisibility
 E - a potion of ambrosia {unknown}
Books
 b - a book of Minor Magic

   Spells                             Type                      Level
   a - Magic Dart                     Conjuration                  1
   b - Blink                          Translocation                2
   c - Call Imp                       Summoning                    2
   d - Slow                           Hexes                        2
   e - Conjure Flame                  Conjuration/Fire             3
   f - Mephitic Cloud                 Conjuration/Poison/Air       3
Comestibles
 c - 5 bread rations
 x - 7 fruits


   Skills:
 - Level 2.0(1.9) Fighting
 - Level 2.0(1.9) Dodging
 - Level 2.6 Stealth
 + Level 6.1 Spellcasting
 * Level 8.0(7.9) Conjurations
 - Level 1.0(0.9) Summonings
 - Level 1.0(0.9) Translocations
 - Level 3.0(2.9) Poison Magic


You had 11 spell levels left.
You knew the following spells:

 Your Spells              Type           Power        Failure   Level  Hunger
a - Magic Dart            Conj           ####         1%          1    None
b - Call Imp              Summ           ##......     10%         2    None
c - Blink                 Tloc           N/A          10%         2    None
d - Mephitic Cloud        Conj/Pois/Air  ###.....     6%          3    #......


Dungeon Overview and Level Annotations

Branches:
Dungeon (7/15)             Temple (1/1) D:5

Altars:
Ashenzari
Cheibriados
Elyvilon
Fedhas
Gozag
Hepliaklqana
Kikubaaqudgha
Makhleb
Okawaru
Qazlal
Ru
Trog
Uskayaw
Vehumet
Xom
Yredelemnul
Zin
The Shining One

Shops:
D:7 (

Annotations:
D:6 exclusion: oklob plant
D:7 Joseph


Innate Abilities, Weirdness & Mutations

You cannot wear most types of armour.
You are very stealthy in the water. (Stealth+)
You are amphibious.
You can wear up to eight rings at the same time.
You can use your tentacles to constrict eight enemies at once.
Your skin changes colour to match your surroundings (Stealth+).
Your rubbery body absorbs attacks. (AC +1, EV +1)
Your system is resistant to poisons. (rPois)
You are covered in fur. (AC +1)
You are weak. (Str -2)


Message History

Joseph struggles to escape constriction.
You hit Joseph.
Joseph is lightly wounded.
You constrict Joseph, but do no damage.
You catch the helpless Joseph completely off-guard!
You hit Joseph but do no damage.
Joseph is lightly wounded.
You constrict Joseph. Joseph misses you. Joseph hits you with a quarterstaff!!
You catch the helpless Joseph completely off-guard!
You hit Joseph but do no damage. You squeeze Joseph, but do no damage.
Joseph is lightly wounded.
You constrict Joseph.
Joseph seems less confused.
Joseph hits you with a quarterstaff!
Casting: Mephitic Cloud
Confirm with . or Enter, or press ? or * to list all spells.
You blink.
You lose your grip on Joseph.
Joseph unwields an uncursed quarterstaff.
Joseph wields a hunting sling.
Joseph shoots a sling bullet.
The sling bullet hits you!!
You die...

### .# #.#.#
.... # #.#.#
#### #.#.# #.#.#
#.#.#
#######.#.#
#.......#.#
###.####....#
#.@..#......#
#.#..#.#.##.#
#.#..#.#.##.#
#.#@.#.#.##.#
#.#.#.ยง#.#.##.#
..........#.##.#
...#.#/...#.. .#
. #.##.#.###
#.#.#


You could see Joseph.

Vanquished Creatures
  Pikel (D:6)
  A slave (D:6)
  3 bullfrogs
  A gnoll sergeant (D:7)
  2 hounds (D:6)
  2 orc priests (D:3)
  An orc wizard (D:3)
  3 iguanas
  A bullfrog skeleton (D:5)
  4 worker ants
  A worker ant zombie (D:6)
  8 gnolls
  7 adders
  2 shadow imps (D:5)
  3 oozes
  An adder skeleton (D:5)
  A worm (D:6)
  A leopard gecko (D:5)
  6 orcs
  4 ball pythons
  9 giant cockroaches
  10 goblins
  14 hobgoblins
  3 jackals
  3 quokkas
  17 bats
  9 frilled lizards
  17 kobolds
  A quokka zombie (D:5)
  10 rats
  A butterfly (D:5)
147 creatures vanquished.

Vanquished Creatures (collateral kills)
  A big kobold (D:7)
  2 wights (D:6)
  A jelly (D:6)
  A worker ant (D:4)
  An adder (D:2)
  A worm (D:3)
  An orc (D:3)
  A hobgoblin (D:2)
  4 kobolds
  A frilled lizard (D:2)
14 creatures vanquished.

Vanquished Creatures (others)
  A slave (D:6)
  2 wights (D:6)
  A crimson imp (D:6)
4 creatures vanquished.

Grand Total: 165 creatures vanquished

Notes
Turn   | Place    | Note
-------+----------+-------------------------------------------
     0 | D:1      | Folque the Octopode Wizard began the quest for the Orb.
     0 | D:1      | Reached XP level 1. HP: 11/11 MP: 4/4
   236 | D:1      | Reached skill level 1 in Fighting
   248 | D:1      | Reached XP level 2. HP: 7/18 MP: 4/6
   259 | D:1      | Learned a level 2 spell: Call Imp
   262 | D:1      | Learned a level 2 spell: Blink
  1028 | D:1      | Reached XP level 3. HP: 24/24 MP: 7/7
  1033 | D:1      | Learned a level 3 spell: Mephitic Cloud
  1503 | D:2      | Found a hazy altar of Hepliaklqana.
  1653 | D:2      | Reached skill level 1 in Poison Magic
  1740 | D:2      | Found a stormy altar of Qazlal.
  1837 | D:2      | Reached XP level 4. HP: 17/29 MP: 6/9
  2619 | D:3      | Reached skill level 2 in Conjurations
  2619 | D:3      | Reached XP level 5. HP: 34/34 MP: 4/10
  2635 | D:3      | Found a sacrificial altar of Ru.
  3131 | D:3      | Found a glowing silver altar of Zin.
  3313 | D:3      | Reached skill level 3 in Conjurations
  3313 | D:3      | Reached XP level 6. HP: 7/39 MP: 7/12
  3639 | D:4      | Gained mutation: You are weak. (Str -2) [potion of mutation]
  3639 | D:4      | Gained mutation: You are covered in fur. (AC +1) [potion of mutation]
  3639 | D:4      | Gained mutation: Your system is resistant to poisons. (rPois) [potion of mutation]
  4319 | D:4      | Reached skill level 4 in Conjurations
  4861 | D:5      | Entered Level 5 of the Dungeon
  5073 | D:5      | Found a glowing drain.
  5098 | Sewer    | Entered a sewer
  5191 | Sewer    | Reached XP level 7. HP: 39/45 MP: 13/13
  5491 | D:5      | Found a staircase to the Ecumenical Temple.
  5524 | Temple   | Entered the Ecumenical Temple
  5576 | Temple   | Became a worshipper of Vehumet
  5748 | D:6      | Noticed Pikel
  5776 | D:6      | Killed Pikel
  5776 | D:6      | Reached skill level 5 in Spellcasting
  5776 | D:6      | Reached skill level 6 in Conjurations
  5776 | D:6      | Reached XP level 8. HP: 17/50 MP: 16/16
  6297 | D:6      | Reached skill level 7 in Conjurations
  6732 | D:6      | Found a white marble altar of Elyvilon.
  6806 | D:6      | Found a shimmering altar of Xom.
  6806 | D:6      | Noticed an oklob plant
  7378 | D:7      | Found Akaru's Weapon Emporium.
  7595 | D:7      | Reached * piety under Vehumet
  7595 | D:7      | Offered knowledge of Sting by Vehumet.
  7768 | D:7      | Reached skill level 8 in Conjurations
  7888 | D:7      | Noticed Joseph
  7900 | D:7      | Shot with a sling bullet by Joseph

Skill      XL: |  1  2  3  4  5  6  7  8 |
---------------+-------------------------+-----
Fighting       | 1 2 |  2.0
Poison Magic   | 1 2 3 |  3.0
Conjurations   | 2 3 4 6 8 |  8.0
Spellcasting   | 4 5 6 |  6.1
Dodging        | |  2.0
Stealth        | |  2.6
Summonings     | |  1.0
Translocations | |  1.0

Action                   |  1- 3 |  4- 6 |  7- 9 || total
-------------------------+-------+-------+-------++-------
Melee: Unarmed           |    14 |       |       ||    14
       Constrict         |    17 |    28 |    23 ||    68
       Tentacles         |    14 |    17 |     6 ||    37
       Spear             |    90 |    28 |       ||   118
       Quarterstaff      |       |   113 |   109 ||   222
 Cast: Magic Dart        |    12 |    38 |    17 ||    67
       Call Imp          |     4 |     9 |    30 ||    43
       Mephitic Cloud    |       |    13 |    12 ||    25
       Blink             |       |     2 |     3 ||     5
  Use: Scroll            |       |     2 |     3 ||     5
       Potion            |       |     5 |     3 ||     8
 Stab: Sleeping          |     2 |     6 |     4 ||    12
       Confused          |       |     8 |     3 ||    11
       Invisible         |       |     3 |       ||     3
       Distracted        |       |     1 |     1 ||     2
  Eat: Chunk             |     3 |    12 |     4 ||    19
       Bread ration      |       |       |     1 ||     1
Armor: Skin              |     5 |    23 |    12 ||    40
Dodge: Dodged            |    56 |   108 |    70 ||   234
